 Dungeon Crawl Stone Soup version 0.32-a0-711-g016ad743e0 (webtiles) character file.

Game seed: 8632607864026604677

849 Goblin1989 the Ruffian (level 7, -5/72 HPs)
             Began as a Demonspawn Shapeshifter on Mar 12, 2024.
             Was a Follower of Uskayaw.
             Slain by a two-headed ogre
             ... wielding a +0 giant spiked club
              (9 damage)
             ... on level 5 of the Dungeon on Mar 15, 2024.
             The game lasted 00:12:23 (5061 turns).

Goblin1989 the Ruffian (Demonspawn Shapeshifter)    Turns: 5061, Time: 00:12:24

Health: -5/72      AC: 23    Str: 17    XL:     7   Next: 69%
Magic:  7/7        EV:  2    Int: 10    God:    Uskayaw [*.....]
Gold:   224        SH:  0    Dex: 16    Spells: 6/6 levels left

rFire   + .          .
                       - Unarmed
rCold   . . .        (no shield)
rNeg    . . .        g - melded +0 chain mail
rPois   +            (helmet currently unavailable)
rElec   .            (cloak currently unavailable)
rCorr   .            (gloves currently unavailable)
SInv    .            (boots currently unavailable)
Will    .....        (no amulet)
Stlth   +++          k - ring of protection from fire
HPRegen 0.32/turn    v - +4 ring of slaying
MPRegen 0.10/turn

%: no passive effects
@: tree-form, hasted, very quick
A: stationary, stasis, torment immunity, boosted hp, thin skeletal structure 2,
powered by pain 2, demonic magic 1
a: Renounce Religion, Stomp


You were on level 5 of the Dungeon.
You worshipped Uskayaw.
Uskayaw was noncommittal.
You were a tree.
You visited 1 branch of the dungeon, and saw 5 of its levels.

You collected 224 gold pieces.

Inventory:

Missiles
 f - 36 stones
Armour
 a - a +0 animal skin
 g - a +0 chain mail (melded)
 u - a +2 pair of boots
Jewellery
 k - a ring of protection from fire (left branch)
 l - a ring of ice
 v - a +4 ring of slaying (right branch)
Talismans
 c - a beast talisman (active)
 d - a flux talisman
Scrolls
 e - 2 scrolls of enchant weapon {unknown}
 i - 2 scrolls of acquirement {unknown}
 j - 3 scrolls of teleportation {unknown}
 o - a scroll of poison {unknown}
 p - 4 scrolls of identify {unknown}
 q - a scroll of fear {unknown}
 r - 2 scrolls of enchant armour {unknown}
 s - a scroll of revelation {unknown}
 t - a scroll of amnesia {unknown}
Potions
 w - a potion of heal wounds {unknown}


   Skills:
 - Level 1.0 Fighting
 + Level 3.2 Armour
 + Level 3.9 Dodging
 * Level 5.6 Unarmed Combat
 + Level 4.2 Shapeshifting


You had 6 spell levels left.
You didn't know any spells.
Your spell library contained the following spells:

 Spells                   Type           Power      Damage    Failure   Level
 Apportation              Tloc           0%         N/A       36%         1
 Jinxbite                 Hex            0%         N/A       50%         2
 Lesser Beckoning         Tloc           0%         N/A       50%         2
 Gell's Gravitas          Tloc           0%         N/A       75%         3
 Teleport Other           Tloc           0%         N/A       75%         3
 Alistair's Intoxication  Alch           0%         N/A       100%        5


Dungeon Overview and Level Annotations

Branches:
Dungeon (5/15) Zot: 24950  Temple (0/1) D:5

Altars:
Dithmenos
Fedhas
Makhleb
Okawaru
Qazlal
Ru
Uskayaw
Vehumet

Annotations:
D:4 Menkaure, Robin


Innate Abilities, Weirdness & Mutations

You are a tree.
Your roots penetrate the ground, keeping you stationary.
You cannot be teleported.
You are immune to unholy pain and torment.
Your maximum health is greatly increased.
Your equipment is partially melded.
You have a moderately thin skeletal structure. (Dex +4, Stealth++)
You sometimes gain power by taking damage.
Spells you cast may paralyse adjacent enemies.


Message History

Found a dagger.
You enter the shallow water.
Moving in this stuff is going to be slow.
A water moccasin comes into view.
The water moccasin hisses angrily.
The water moccasin closely misses you.
The water moccasin attacks as it pursues you!
The water moccasin completely misses you.
The water moccasin bites you.
You take 4 damage, and have 44/48 hp.
You punch the water moccasin!
The water moccasin is moderately wounded.
The water moccasin bites you but does no damage. x2
You punch the water moccasin!
The water moccasin is severely wounded.
The water moccasin bites you.
You take 1 damage, and have 43/48 hp.
You punch the water moccasin!
The water moccasin is almost dead.
The water moccasin barely misses you.
You can now pass through a line of other dancers.
You miss the water moccasin.
The water moccasin is almost dead.
The water moccasin bites you but does no damage.
The water moccasin bites you.
You take 5 damage, and have 38/48 hp.
You closely miss the water moccasin.
The water moccasin is almost dead.
The water moccasin bites you but does no damage.
You hit the water moccasin.
You kill the water moccasin!
You enter the shallow water.
Moving in this stuff is going to be slow.
You see here a water moccasin corpse.
Found a ring mail and 5 javelins.
Found a hand axe.
You can no longer pass through a line of other dancers.
You enter the shallow water.
Moving in this stuff is going to be slow.
A hound comes into view.
The hound pauses to sniff the water.
The hound bites you but does no damage. x2
You barely miss the hound. The hound bites you.
You take 1 damage, and have 42/48 hp.
You hit the hound.
The hound is moderately wounded.
The hound barely misses you.
Your unstable footing causes you to fumble your attack.
The hound splashes around in the water.
The hound bites you but does no damage.
Your unstable footing causes you to fumble your attack.
The hound closely misses you.
You closely miss the hound.
The hound is moderately wounded.
The hound bites you but does no damage.
You punch the hound!
The hound is almost dead.
The hound splashes around in the water.
You can now pass through a line of other dancers.
You punch the hound!
You kill the hound!
You see here a hound corpse.
You can no longer pass through a line of other dancers.
You enter the shallow water.
Moving in this stuff is going to be slow.
Health restored: 48 A two-headed ogre comes into view.
It is wielding a +0 giant spiked club and a +0 giant club.
The two-headed ogre shouts in stereo!
Throw: throwing net {!d , @Q1}
Press: ? - help, Q - select action, (/) - cycle Shift-Dir - straight line, f - two-headed ogre
Aim: a two-headed ogre, wielding a +0 giant spiked club and a +0 giant club (77% to hit)
You throw a throwing net {!d , @Q1}.
The throwing net {!d , @Q1} barely misses the two-headed ogre.
The two-headed ogre closely misses you.
The two-headed ogre hits you with a +0 giant club!
You take 9 damage, and have 39/48 hp.
You punch the two-headed ogre!
The two-headed ogre is lightly wounded.
You hit the two-headed ogre.
The two-headed ogre is lightly wounded.
The two-headed ogre hits you with a +0 giant spiked club!!
* * * LOW HITPOINT WARNING * * *
The two-headed ogre hits you with a +0 giant club.
* * * LOW HITPOINT WARNING * * *
You take 24 damage, and have 15/48 hp.
MASSIVE DAMAGE!!
Your transformation has ended.
You turn into a tree.
Your +0 chain mail melds into your body.
Your roots penetrate the ground.
The two-headed ogre hits you with a +0 giant spiked club!
* * * LOW HITPOINT WARNING * * *
The two-headed ogre hits you with a +0 giant club!
* * * LOW HITPOINT WARNING * * *
You now have 7/72 hp.
It was a potion of haste.
You feel yourself speed up.
It was a potion of curing.
You feel better.
The two-headed ogre hits you with a +0 giant spiked club!
* * * LOW HITPOINT WARNING * * *
The two-headed ogre hits you with a +0 giant club!
You die...
Your body falls in perfect tune with the rhythm.

█...████████.████.)█...█
██∆██≈~)P. ..████∆█...█ █.█S≈/.P.
█.█....█...█████ █.█S(....
█~█.<..█.......█ █.█≈≈~~P.
█~██...█.......█ ███ █†██≈(.P.
█~~██.██.......███.. ██~████████
█.██.██████.......█ ██~██≈.)P.
█.O█......█.....███ █~█≈≈..~.
▲█♣█......█.....█ █.█S~.~..
█~█......█.....█ █.█≈≈[P..
█~█.██...█.....█ █████.██≈~(P.
██~████...█.....█
..█.██~████████.██......█..)..███
..█..██~~~†~...██.......██████...
..█...██████████.............█...
..█...........)..............▲...
..███∆███.██..██...████████∆██...


You could see a two-headed ogre.

Vanquished Creatures
  A water moccasin (D:5)
  A black bear (D:3)
  2 ogres (D:5)
  2 scorpions
  A hound (D:5)
  A jelly (D:5)
  A sleepcap (D:5)
  Jessica (D:2)
  An iguana (D:5)
  An orc wizard (D:5)
  7 gnolls
  2 adders
  3 dart slugs
  4 orcs
  9 bats
  17 endoplasms
  5 giant cockroaches
  12 goblins
  8 hobgoblins
  4 jackals (D:1)
  2 quokkas
  6 ball pythons
  4 frilled lizards
  6 kobolds
  4 rats
105 creatures vanquished.

Notes
Turn   | Place    | Note
-------+----------+-------------------------------------------
     0 | D:1      | Goblin1989 the Demonspawn Shapeshifter began the quest for
                  | the Orb.
     0 | D:1      | Reached XP level 1. HP: 15/15 MP: 1/1
   272 | D:1      | Found a faded altar of an unknown god.
   327 | D:1      | Prayed at the altar of an unknown god.
   327 | D:1      | Became a worshipper of Uskayaw the Reveller
   327 | D:1      | Reached * piety under Uskayaw
   353 | D:1      | Reached ** piety under Uskayaw
   357 | D:1      | Gained mutation: You sometimes gain a little power by
                  | taking damage. [demonic ancestry]
   357 | D:1      | Reached XP level 2. HP: 15/21 MP: 2/2
   359 | D:1      | Reached skill level 3 in Unarmed Combat
   360 | D:1      | Reached *** piety under Uskayaw
   362 | D:1      | Reached **** piety under Uskayaw
   975 | D:1      | Gained mutation: You have a somewhat thin skeletal
                  | structure. (Dex +2, Stealth+) [demonic ancestry]
   975 | D:1      | Reached XP level 3. HP: 24/26 MP: 3/3
  1484 | D:2      | Noticed Jessica
  1489 | D:2      | Killed Jessica
  1490 | D:2      | Reached skill level 1 in Armour
  1490 | D:2      | Gained mutation: You sometimes gain power by taking damage.
                  | [demonic ancestry]
  1490 | D:2      | Reached XP level 4. HP: 31/32 MP: 4/4
  2478 | D:3      | Found a blossoming altar of Fedhas.
  2524 | D:3      | Gained mutation: Spells you cast may paralyse adjacent
                  | enemies. [demonic ancestry]
  2524 | D:3      | Reached XP level 5. HP: 37/37 MP: 5/5
  2711 | D:3      | Found an iron altar of Okawaru.
  2721 | D:3      | Found a shadowy altar of Dithmenos.
  2723 | D:3      | Found a sacrificial altar of Ru.
  2724 | D:3      | Found a radiant altar of Vehumet.
  3060 | D:4      | Noticed Robin
  3060 | D:4      | Noticed a black bear
  3154 | D:4      | Noticed Menkaure
  3290 | D:3      | Killed a black bear
  3291 | D:3      | Reached skill level 4 in Unarmed Combat
  3438 | D:4      | Gained mutation: You have a moderately thin skeletal
                  | structure. (Dex +4, Stealth++) [demonic ancestry]
  3438 | D:4      | Reached XP level 6. HP: 13/43 MP: 6/6
  3583 | D:4      | Upgraded the game from 0.32-a0-685-g93135e86f0 to
                  | 0.32-a0-711-g016ad743e0
  3650 | D:4      | Found a burning altar of Makhleb.
  3863 | D:5      | Entered Level 5 of the Dungeon
  4049 | D:5      | Found a stormy altar of Qazlal.
  4415 | D:5      | Reached skill level 5 in Unarmed Combat
  4415 | D:5      | Reached XP level 7. HP: 26/48 MP: 7/7
  4509 | D:5      | Found a staircase to the Ecumenical Temple.
  5049 | D:5      | Noticed a two-headed ogre
  5061 | D:5      | Slain by a two-headed ogre

Illustrated notes

Levels and vault maps discovered:
D:1:      dpeg_arrival_circle_labyrinth_c, layout_loops_ring,
          dreamdust_ecumenical_altar_angels_and_demons, serial_park_tiny_2,
          nicolae_eternal_life
D:2:      layout_basic, grunt_ministairs_6, uniq_jessica
D:3:      layout_loops_ring, grunt_temple_overflow_open, fedhas_altar_3
D:4:      layout_cave_pools, nicolae_overflow_crystal_walls,
          ebering_dispersal_statue_hall, uniq_robin, uniq_edmund, uniq_menkaure
D:5:      cheibrodos_two_vegetables, layout_gridville,
          nicolae_qazlal_eye_of_the_storm, temple_statues

Skill      XL: |  1  2  3  4  5  6  7 |
---------------+----------------------+-----
Unarmed Combat | 3 4 5 |  5.6
Dodging        | 2 3 |  3.9
Shapeshifting  | 3 4 |  4.2
Armour         | 1 2 3 |  3.2
Fighting       | |  1.0

Action                     |  1- 3 |  4- 6 |  7- 9 || total
---------------------------+-------+-------+-------++-------
  Melee: Unarmed           |   114 |   202 |    38 ||   354
         Punch             |     1 |     5 |       ||     6
  Throw: Throwing net      |       |       |     1 ||     1
    Use: Potion            |       |       |     3 ||     3
   Stab: Paralysed         |     1 |     1 |       ||     2
 Armour: Chain mail        |    94 |   160 |    29 ||   283
         Skin              |       |       |     4 ||     4
  Dodge: Dodged            |    40 |   104 |    10 ||   154

Table legend: (Time is in decaauts)
 A = Elapsed time spent in this place.
 B = Non-inter-level travel time spent in this place.
 C = Inter-level travel time spent in this place.
 D = Time resting spent in this place.
 E = Time spent auto-exploring this place.
 F = Levels seen in this place.
 G = Mean time per level.
                   A        B        C        D        E       F      G
               +--------+--------+--------+--------+--------+-----+--------+
         Total |   5049 |   4710 |    339 |    586 |   3165 |   5 | 1009.8 |
       Dungeon |   5049 |   4710 |    339 |    586 |   3165 |   5 | 1009.8 |
               +--------+--------+--------+--------+--------+-----+--------+

Top non-repeatable levels by time:
     D:1: 1435 daAuts
     D:5: 1198 daAuts
     D:3: 974 daAuts
     D:2: 958 daAuts
     D:4: 481 daAuts
